[Event "*** Titled Tuesday Blitz"]
[Site "Chess.com"]
[Date "2019.08.06"]
[Round "2"]
[White "kasparicy"]
[Black "Muracle"]
[Result "0-1"]
[WhiteElo "2408"]
[BlackElo "2633"]
[TimeControl "180+2"]
[EndTime "13:19:07 PDT"]
[Termination "Muracle won by checkmate"]

1. e4 c5 2. Nf3 Nc6 3. d4 cxd4 4. Nxd4 e5 5. Ne2 Nf6 6. Nbc3 Bb4 7. a3 Be7 8. Ng3 O-O 9. Bc4 Nd4 10. O-O d6 11.
Be3 Ne6 12. Nf5 Nf4 13. Nxe7+ Qxe7 14. Bxf4 exf4 15. Nd5 Qe5 16. Nxf6+ Qxf6 17. Qf3 Qxb2 18. Bb3 Qe5 19. Rad1 Be6 20. Rd2 Rac8 21. Rfd1 Rc3 22. Rd3 Rfc8 23. h3 g6 24. Qe2 Bxb3 25. cxb3 Rc1 26.
f3 R8c2 27. Rd2 Qa1 28. Rxc2 Rxd1+ 29. Kf2 Rh1 30. Qd2 Qg1+ 31. Ke2 Qf1# 0-1

[Event "*** Titled Tuesday Blitz"]
[Site "Chess.com"]
[Date "2019.08.06"]
[Round "2"]
[White "Doraemon7"]
[Black "GHANDEEVAM2003"]
[Result "0-1"]
[WhiteElo "2635"]
[BlackElo "2955"]
[TimeControl "180+2"]
[EndTime "13:19:14 PDT"]
[Termination "GHANDEEVAM2003 won by resignation"]

1. Nf3 d5 2. d4 Nf6 3. c4 e6 4. g3 dxc4 5. Bg2 Nc6 6. O-O a6 7. Nc3 Rb8 8. e4 Be7 9. d5 exd5 10. e5 Ng4 11. Nxd5 Be6 12. Nxe7 Qxe7 13. Qe2 Bd5 14. Re1 Bxf3 15. Bxf3 Nd4 16. Qe4 Nxf3+ 17. Qxf3 Nxe5 18. Rxe5 Qxe5 19. Bf4 Qe7 0-1

[Event "*** Titled Tuesday Blitz"]
[Site "Chess.com"]
[Date "2019.08.06"]
[Round "2"]
[White "ruvat"]
[Black "Supernotar"]
[Result "1/2-1/2"]
[WhiteElo "2377"]
[BlackElo "2615"]
[TimeControl "180+2"]
[EndTime "13:19:15 PDT"]
[Termination "Game drawn by repetition"]

1. d4 d5 2. c4 dxc4 3. Nf3 Nf6 4. Qa4+ c6 5. Qxc4 b5 6. Qc2 Bb7 7. Bg5 Nbd7 8. Nbd2 Rc8 9. e4 Qb6 10. a4 a6 11. Bd3 e6 12. O-O c5 13. d5 c4 14.
dxe6 Qxe6 15. Rac1 cxd3 16. Qxc8+ Bxc8 17. Rxc8+ Ke7 18. Nd4 Qb6 19. Be3 Qb7 20. Nf5+ Ke6 21. Nd4+ Ke7 22.
Nf5+ Ke6 23. Nd4+ Kd6 24. Nf5+ Ke6 1/2-1/2

[Event "*** Titled Tuesday Blitz"]
[Site "Chess.com"]
[Date "2019.08.06"]
[Round "2"]
[White "IMRosen"]
[Black "Er_is_geen_hoop_meer"]
[Result "1-0"]
[WhiteElo "2603"]
[BlackElo "2347"]
[TimeControl "180+2"]
[EndTime "13:19:18 PDT"]
[Termination "IMRosen won by resignation"]

1. d4 d6 2. e4 g6 3. Nf3 Bg7 4. Bc4 e6 5. Nc3 Ne7 6. Bg5 h6 7. Be3 O-O 8. h4 d5 9. Bd3 dxe4 10. Nxe4 Nf5 11. Qd2 Nc6 12. c3 e5 13. dxe5 Nxe5 14.
Nxe5 Bxe5 15. O-O-O Nxe3 16. Qxe3 Bg7 17. h5 g5 18. f4 gxf4 19. Qxf4 Be6 20. g4 Qe7 21. g5 f5 22. Nf6+ Bxf6 23. gxf6 Rxf6 24. Rdg1+ Kh8 25. Rg6 Raf8 26. Qxh6+ Qh7 27. Rxf6 1-0

[Event "*** Titled Tuesday Blitz"]
[Site "Chess.com"]
[Date "2019.08.06"]
[Round "2"]
[White "ohusbands"]
[Black "TijanaBlagojevic"]
[Result "1-0"]
[WhiteElo "2591"]
[BlackElo "2343"]
[TimeControl "180+2"]
[EndTime "13:19:21 PDT"]
[Termination "ohusbands won by resignation"]

1. e4 e5 2. Nf3 Nc6 3. d3 Nf6 4. Nc3 d5 5. exd5 Nxd5 6. Be2 Bb4 7. Bd2 O-O 8. O-O Bxc3 9. bxc3 f5 10. c4 Nf6 11. Bc3 Re8 12. Re1 b6 13. Bf1 Qd6 14. g3 Bb7 15. Bg2 Nd7 16. Qc1 Rad8 17. Qb2 e4 18.
dxe4 fxe4 19. Ng5 e3 20. Rxe3 Rxe3 21. fxe3 Qg6 22. Bd5+ Kf8 23. Rf1+ Nf6 24. Bxf6 1-0

[Event "*** Titled Tuesday Blitz"]
[Site "Chess.com"]
[Date "2019.08.06"]
[Round "2"]
[White "vlad_Sid"]
[Black "KacperPolOK"]
[Result "1-0"]
[WhiteElo "2559"]
[BlackElo "2415"]
[TimeControl "180+2"]
[EndTime "13:19:28 PDT"]
[Termination "vlad_Sid won by resignation"]

1. c4 f5 2. g3 Nf6 3. Bg2 e6 4. Nc3 d5 5. cxd5 exd5 6. Nf3 Be7 7. d3 O-O 8. O-O c6 9. Qc2 d4 10. Nd1 Be6 11. e3 c5 12. Ng5 Bd5 13. e4 fxe4 14.
dxe4 Bc6 15. Ne6 Qd7 16. Nxf8 Bxf8 17. Bg5 Na6 18. a3 b5 19. b3 Re8 20. Bxf6 gxf6 21. Nb2 Qb7 22. Rfe1 f5 23. a4 Nb4 24. Qe2 Bxe4 25. axb5 Nc2 26. Qxc2 Bxc2 27. Bxb7 Rb8 28. Bd5+ Kg7 29. Rxa7+ 1-0

[Event "*** Titled Tuesday Blitz"]
[Site "Chess.com"]
[Date "2019.08.06"]
[Round "2"]
[White "SoCalJuniorChess"]
[Black "tgpgoat"]
[Result "1/2-1/2"]
[WhiteElo "1864"]
[BlackElo "1976"]
[TimeControl "180+2"]
[EndTime "13:19:48 PDT"]
[Termination "Game drawn by repetition"]

1. c4 e5 2. Nc3 Nf6 3. g3 d5 4. cxd5 Nxd5 5. Bg2 Nb6 6. e3 Be7 7.
Nge2 Nc6 8. d4 exd4 9. Nxd4 Nxd4 10. exd4 c6 11. a4 Be6 12. a5 Nd5 13. O-O O-O 14.
a6 b6 15. Qa4 Rc8 16. Nxd5 cxd5 17. Bf4 Rc4 18. Qd1 Bf6 19. Be5 Bxe5 20. dxe5 Qc7 21.
Bxd5 Rd8 22. Bxc4 Rxd1 23. Rfxd1 Bxc4 24. Rac1 Kf8 25. b3 b5 26. Rd5 Qc6 27. bxc4 bxc4 28. Rd4 Qxa6 29. Rdxc4 g6 30. Rc8+ Kg7 31. R1c7 Qa1+ 32.
Kg2 Qxe5 33. Rxa7 Qe4+ 34. Kg1 Qe1+ 35. Kg2 Qe4+ 36. Kg1 Qe1+ 37. Kg2 Qe4+ 1/2-1/2

[Event "*** Titled Tuesday Blitz"]
[Site "Chess.com"]
[Date "2019.08.06"]
[Round "2"]
[White "mishanick"]
[Black "Fy_Rakotomaharo"]
[Result "1-0"]
[WhiteElo "2987"]
[BlackElo "2638"]
[TimeControl "180+2"]
[EndTime "13:19:54 PDT"]
[Termination "mishanick won by resignation"]

1. d4 Nf6 2. Nf3 g6 3. c4 Bg7 4. Nc3 d5 5. cxd5 Nxd5 6. e4 Nxc3 7. bxc3 c5 8. Rb1 O-O 9. Be2 b6 10. O-O e6 11. Bg5 Qc7 12. d5 exd5 13. exd5 Bf5 14. d6 Qb7 15. Bd3 Bxd3 16. Qxd3 f6 17. Bf4 Nd7 18.
Rfe1 Rae8 19. Re7 g5 20. Rbe1 Rxe7 21. dxe7 Re8 22. Qc4+ Kh8 23. Qf7 Qc8 24. Bc7 Nb8 25.
Bxb8 Qxb8 26. Rd1 1-0

[Event "*** Titled Tuesday Blitz"]
[Site "Chess.com"]
[Date "2019.08.06"]
[Round "2"]
[White "leclash"]
[Black "dcremisi"]
[Result "0-1"]
[WhiteElo "2204"]
[BlackElo "2374"]
[TimeControl "180+2"]
[EndTime "13:19:55 PDT"]
[Termination "dcremisi won by resignation"]

1. d4 d5 2. c4 c6 3. Nc3 e6 4. e3 Nf6 5. Nf3 Nbd7 6. Bd3 dxc4 7.
Bxc4 b5 8. Bd3 Bb7 9. e4 b4 10.
Na4 c5 11. e5 Nd5 12. O-O Be7 13. Nxc5 Nxc5 14. dxc5 Bxc5 15. Bb5+ Ke7 16. Bg5+ f6 17.
exf6+ gxf6 18. Re1 fxg5 19. Nxg5 Nc7 20. Qg4 Qd4 21.
Rxe6+ Nxe6 22. Qxe6+ Kd8 23. Kh1 Kc7 24. Rc1 Rad8 25.
h4 Kb8 26. Nf7 Qxh4+ 0-1

[Event "*** Titled Tuesday Blitz"]
[Site "Chess.com"]
[Date "2019.08.06"]
[Round "2"]
[White "Blazinq"]
[Black "gmcorrales"]
[Result "1-0"]
[WhiteElo "2606"]
[BlackElo "2732"]
[TimeControl "180+2"]
[EndTime "13:19:58 PDT"]
[Termination "Blazinq won by checkmate"]

1. e4 c5 2. Nf3 d6 3. d4 cxd4 4.
Nxd4 Nf6 5. Nc3 a6 6. Bg5 e6 7.
f4 h6 8. Bh4 Qb6 9. Qd2 Qxb2 10.
Rb1 Qa3 11. e5 dxe5 12. fxe5 Nfd7 13. Ne4 Qxa2 14. Rd1 Qd5 15. Qe3 Qxe5 16. Be2 Bc5 17. Bg3 Qd5 18. O-O Nc6 19. Nxc5 Qxc5 20. Rxf7 Nxd4 21. Rxd4 e5 22. Rfxd7 Bxd7 23. Bh5+ Kf8 24. Rf4+ exf4 25. Qxc5+ Kg8 26. Qd5+ Kh7 27. Qxd7 fxg3 28. Qf5+ Kg8 29. Qf7+ Kh7 30. Bg6# 1-0

[Event "*** Titled Tuesday Blitz"]
[Site "Chess.com"]
[Date "2019.08.06"]
[Round "2"]
[White "BoboHead"]
[Black "Carolina-moon"]
[Result "1-0"]
[WhiteElo "2138"]
[BlackElo "2067"]
[TimeControl "180+2"]
[EndTime "13:20:02 PDT"]
[Termination "BoboHead won on time"]

1. e4 c5 2. Nf3 d6 3. Bb5+ Nd7 4.
d4 cxd4 5. Qxd4 a6 6. Bxd7+ Bxd7 7. Bg5 h6 8. Bh4 Qc7 9. Nc3 e6 10. O-O Rc8 11. Rad1 Qc5 12. Qd2 b5 13. a3 Be7 14.
Bxe7 Kxe7 15. e5 d5 16. Ne4 dxe4 17. Qxd7+ Kf8 18. Nd2 Qc7 19. Nxe4 Ne7 20. Qxc7 1-0

[Event "*** Titled Tuesday Blitz"]
[Site "Chess.com"]
[Date "2019.08.06"]
[Round "2"]
[White "filali-marouan"]
[Black "vova-79"]
[Result "1-0"]
[WhiteElo "2334"]
[BlackElo "2449"]
[TimeControl "180+2"]
[EndTime "13:20:14 PDT"]
[Termination "filali-marouan won by resignation"]

1. e4 e6 2. d4 d5 3. exd5 exd5 4. Nf3 Bd6 5. Be2 Ne7 6. O-O O-O 7. c4 dxc4 8. Nbd2 b5 9. Ne4 Bb7 10. Nxd6 cxd6 11. a4 a6 12. b3 d5 13. Ne5 Nbc6 14.
Bf4 Nxe5 15. Bxe5 Ng6 16. Bg3 Bc6 17. Re1 cxb3 18. axb5 Bxb5 19. Bxb5 axb5 20. Rxa8 Qxa8 21. Qxb3 Qc6 22. h4 Rc8 23. h5 Nf8 24. Re5 Qc4 25.
Qe3 h6 26. Re8 Qc6 27. Re7 Ne6 28. Qf3 Ng5 29. Qf5 Qc2 30. Re8+ 1-0

[Event "*** Titled Tuesday Blitz"]
[Site "Chess.com"]
[Date "2019.08.06"]
[Round "2"]
[White "twitchTriniCupid"]
[Black "Roachelley"]
[Result "0-1"]
[WhiteElo "2267"]
[BlackElo "2249"]
[TimeControl "180+2"]
[EndTime "13:20:15 PDT"]
[Termination "Roachelley won by resignation"]

1. d4 d5 2. Nf3 Nf6 3. g3 c6 4.
Bg2 Bg4 5. c4 e6 6. Nc3 Nbd7 7.
O-O Bd6 8. b3 O-O 9. Bg5 Qa5 10.
Bd2 Qd8 11. Bg5 Qa5 12. Bd2 Qd8 13. h3 Bf5 14. Nh4 Be4 15. a3 c5 16. Nb5 Be7 17.
f3 Bg6 18. Nxg6 hxg6 19. cxd5 Nxd5 20. e4 Nc7 21. Nxc7 Qxc7 22. Bf4 Qb6 23. Be3 cxd4 24. Bxd4 Bc5 25. Bxc5 Nxc5 26. Rf2 Rfd8 27. Qc2 Nd3 28. Rf1 Nxf2 29. Rxf2 Rac8 30. Qe2 Qxb3 31. Kh2 Qd3 32. Qb2 b6 33. f4 Qd4 34. Qe2 Rc3 35. Rf3 Rxf3 36.
Qxf3 Qd3 37. Qg4 Qxa3 38. f5 exf5 39. exf5 gxf5 40. Qxf5 Qd3 41. Qg5 Qd2 42. Qh4 a5 43.
Qc4 Re8 0-1

[Event "*** Titled Tuesday Blitz"]
[Site "Chess.com"]
[Date "2019.08.06"]
[Round "2"]
[White "Lagmantr"]
[Black "valeriocarnicelli"]
[Result "0-1"]
[WhiteElo "2683"]
[BlackElo "2418"]
[TimeControl "180+2"]
[EndTime "13:20:16 PDT"]
[Termination "valeriocarnicelli won by resignation"]

1. d4 d5 2. Bf4 Nf6 3. e3 e6 4. Nf3 Bd6 5. Bg3 O-O 6. Bd3 b6 7. Ne5 c5 8. c3 Ne4 9. f4 f6 10. Nf3 f5 11. Nbd2 Ba6 12. Bxa6 Nxa6 13. Qe2 Nc7 14. Ne5 Bxe5 15. fxe5 Nxg3 16. hxg3 Qg5 17.
O-O-O Qxg3 18. Rh3 Qg6 19. Rdh1 h6 20. Nf3 f4 21. Nh4 Qe4 22. Qh5 fxe3 23. Ng6 e2 24. Kd2 e1=Q+ 25. Rxe1 Rf2+ 26. Re2 Rxe2+ 27. Qxe2 Qxg6 28.
Rf3 Qb1 29. Ke3 Rf8 30. Rxf8+ Kxf8 31. Qf3+ Kg8 0-1

[Event "*** Titled Tuesday Blitz"]
[Site "Chess.com"]
[Date "2019.08.06"]
[Round "2"]
[White "resha1988"]
[Black "JakeCarlosBanawa"]
[Result "1-0"]
[WhiteElo "2779"]
[BlackElo "2419"]
[TimeControl "180+2"]
[EndTime "13:20:17 PDT"]
[Termination "resha1988 won by resignation"]

1. d4 Nf6 2. c4 e6 3. Nc3 Bb4 4. e3 O-O 5. Bd3 Re8 6. Ne2 d5 7. O-O b6 8. a3 Bxc3 9. Nxc3 dxc4 10. Bxc4 Bb7 11. Qe2 a6 12. Rd1 Nbd7 13. e4 b5 14.
Ba2 Qe7 15. e5 Nd5 16. Ne4 c5 17. Nd6 Bc6 18. Nxe8 Rxe8 19. dxc5 Nxc5 20. Be3 Ne4 21.
Rac1 Ba8 22. f3 Ng5 23. h4 Nxe3 24. Qxe3 Nxf3+ 25. gxf3 Qxh4 26. Rd2 Bxf3 27. Qxf3 Qg5+ 28.
Qg2 1-0

[Event "*** Titled Tuesday Blitz"]
[Site "Chess.com"]
[Date "2019.08.06"]
[Round "2"]
[White "Mikhail_Golubev"]
[Black "XiaoKangZhong"]
[Result "0-1"]
[WhiteElo "2557"]
[BlackElo "2372"]
[TimeControl "180+2"]
[EndTime "13:20:17 PDT"]
[Termination "XiaoKangZhong won on time"]

1. e4 c6 2. d4 d5 3. Nc3 dxe4 4. Nxe4 Nf6 5. Nxf6+ exf6 6. c3 Bd6 7. Bd3 O-O 8. Ne2 Re8 9. Qc2 h5 10. Be3 Nd7 11.
O-O-O Nb6 12. c4 Bc7 13. h3 Be6 14. g4 h4 15. Rhg1 Qd7 16. g5 f5 17. Nf4 Bxf4 18. Bxf4 Qxd4 19. Be3 Qe5 20. g6 f6 21. Bd2 Rad8 0-1

[Event "*** Titled Tuesday Blitz"]
[Site "Chess.com"]
[Date "2019.08.06"]
[Round "2"]
[White "Annawel"]
[Black "catalin009"]
[Result "1-0"]
[WhiteElo "2998"]
[BlackElo "2641"]
[TimeControl "180+2"]
[EndTime "13:20:18 PDT"]
[Termination "Annawel won by resignation"]

1. e4 c5 2. Nf3 Nc6 3. Nc3 g6 4. d4 cxd4 5. Nxd4 Bg7 6. Be3 Nf6 7. Bc4 O-O 8. Bb3 a5 9. O-O a4 10. Nxa4 Nxe4 11. Nb5 Ra6 12. Qe2 d6 13. Rad1 Nf6 14. c4 Bg4 15. f3 Bf5 16. c5 Na5 17. cxd6 Nxb3 18. Bb6 Qc8 19. dxe7 Rxa4 20. axb3 Rb4 21.
exf8=Q+ Bxf8 22. Bd4 Qc6 23. Na7 Qd6 24. Bc3 Qb6+ 25.
Kh1 Qxa7 26. Bxf6 Rxb3 27. Rd8 Qb6 28. Rxf8+ 1-0

[Event "*** Titled Tuesday Blitz"]
[Site "Chess.com"]
[Date "2019.08.06"]
[Round "2"]
[White "VeraNebolsina"]
[Black "tteshan"]
[Result "1-0"]
[WhiteElo "2372"]
[BlackElo "2197"]
[TimeControl "180+2"]
[EndTime "13:20:22 PDT"]
[Termination "VeraNebolsina won by resignation"]

1. e4 e6 2. d4 d5 3. exd5 exd5 4. Nf3 Nf6 5. Bd3 Bd6 6. O-O O-O 7.
h3 c6 8. c4 h6 9. Nc3 Be6 10. c5 Bc7 11. b4 Nbd7 12. b5 Ba5 13. Bd2 Re8 14. Re1 cxb5 15. Nxb5 Bc7 16. Nxc7 Qxc7 17.
Qc1 Rac8 18. Bf4 Qa5 19. Qb2 b6 20. Bd2 Qa4 21. Bb5 Qxb5 22. Qxb5 bxc5 23. dxc5 Rxc5 24. Qd3 Ne4 25. Be3 Rc3 26. Qa6 Rec8 27. Rac1 Rxc1 28. Rxc1 Rb8 29. Rc8+ Rxc8 30. Qxc8+ Kh7 31.
Nd4 Nb6 32. Qb7 Bd7 33. Qxa7 1-0

[Event "*** Titled Tuesday Blitz"]
[Site "Chess.com"]
[Date "2019.08.06"]
[Round "2"]
[White "rst2003"]
[Black "Mbneu"]
[Result "1-0"]
[WhiteElo "2237"]
[BlackElo "2278"]
[TimeControl "180+2"]
[EndTime "13:20:24 PDT"]
[Termination "rst2003 won by resignation"]

1. e4 c5 2. Nf3 Nf6 3. e5 Nd5 4. Nc3 Nxc3 5. dxc3 Nc6 6. Bf4 e6 7. Qd2 Qc7 8. O-O-O a6 9. h4 b5 10. h5 h6 11. g4 Bb7 12. Bg2 c4 13. Nd4 b4 14.
Nxc6 Bxc6 15. Bxc6 Qxc6 16. cxb4 Rb8 17. a3 Be7 18. Rh3 Rb7 19. Rc3 a5 20. b3 axb4 21. Rxc4 Qa6 22. Rc8+ Bd8 23. a4 O-O 24. g5 hxg5 25.
Bxg5 Bxg5 26. Rxf8+ Kxf8 27. Qxg5 Qa8 28. Rg1 Ke8 29. Qxg7 1-0

[Event "*** Titled Tuesday Blitz"]
[Site "Chess.com"]
[Date "2019.08.06"]
[Round "2"]
[White "esteban062000"]
[Black "chesstatour"]
[Result "1-0"]
[WhiteElo "2172"]
[BlackElo "2000"]
[TimeControl "180+2"]
[EndTime "13:20:29 PDT"]
[Termination "esteban062000 won on time"]

1. Nf3 g6 2. e4 Bg7 3. d4 d6 4. Nc3 Nf6 5. Bd3 O-O 6. O-O Bg4 7. h3 Bxf3 8. Qxf3 Nc6 9. Be3 e5 10. d5 Nd4 11. Qd1 c5 12. Ne2 Nxe2+ 13. Qxe2 Nxe4 14. Bxe4 f5 15. Bd3 e4 16. Bc4 Qf6 17. Bd2 Qh4 18.
Bc3 Bxc3 19. bxc3 Rae8 20. Rab1 Re7 21. Kh2 f4 22. Qg4 Qf6 23. g3 Qxc3 24. Bb3 1-0

[Event "*** Titled Tuesday Blitz"]
[Site "Chess.com"]
[Date "2019.08.06"]
[Round "2"]
[White "vugarrasulov"]
[Black "Vnebo"]
[Result "1-0"]
[WhiteElo "2827"]
[BlackElo "2699"]
[TimeControl "180+2"]
[EndTime "13:20:33 PDT"]
[Termination "vugarrasulov won by resignation"]

1. e4 c5 2. Nf3 Nc6 3. d4 cxd4 4. Nxd4 Nf6 5. Nc3 d6 6. Bc4 Bd7 7. Be3 g6 8. f3 Bg7 9. Bb3 O-O 10. Qd2 Rc8 11.
O-O-O Nxd4 12. Bxd4 b5 13. Nd5 Nxd5 14. Bxg7 Kxg7 15. exd5 a5 16. a3 Kg8 17. Rhe1 Rc5 18. Re3 b4 19. axb4 axb4 20. Qxb4 Qc7 21. Rc3 Rc8 22. Re1 Qa7 23. Rxc5 dxc5 24. Qc3 Bb5 25. Bc4 Bxc4 26. Qxc4 Qa1+ 27. Kd2 Qxb2 28. Rxe7 Qf6 29. Qe4 Qd6 30. f4 Kf8 31. Qe5 Rd8 32. Re8+ 1-0

[Event "*** Titled Tuesday Blitz"]
[Site "Chess.com"]
[Date "2019.08.06"]
[Round "2"]
[White "beatles_22"]
[Black "jefferyx"]
[Result "0-1"]
[WhiteElo "2663"]
[BlackElo "2926"]
[TimeControl "180+2"]
[EndTime "13:20:34 PDT"]
[Termination "jefferyx won by resignation"]

1. e4 c6 2. d4 d5 3. e5 Bf5 4. Nd2 e6 5. Nb3 c5 6. dxc5 Bxc5 7. Bd3 Ne7 8. Nf3 Bb6 9. O-O Nbc6 10. h3 h6 11. a3 O-O 12. Re1 Rc8 13. Bf4 Ng6 14. Bg3 Nce7 15. Nbd4 Bxd3 16. Qxd3 Qc7 17. c3 Qc4 18.
Qd2 Nc6 19. Rad1 Nge7 20. Bf4 Nxd4 21. cxd4 Qc2 22. Rc1 Qxd2 23. Bxd2 Nc6 24. Bc3 Rc7 25. Kf1 Rfc8 26. Ke2 Nxd4+ 27. Nxd4 Bxd4 28. Kd3 Bxf2 29. Rf1 Bb6 0-1

[Event "*** Titled Tuesday Blitz"]
[Site "Chess.com"]
[Date "2019.08.06"]
[Round "2"]
[White "giantslayer83"]
[Black "SantoBlue"]
[Result "1-0"]
[WhiteElo "2624"]
[BlackElo "2800"]
[TimeControl "180+2"]
[EndTime "13:20:38 PDT"]
[Termination "giantslayer83 won by resignation"]

1. d4 g6 2. c4 Bg7 3. Nc3 c5 4. d5 Nf6 5. e4 d6 6. Be2 e6 7. Nf3 exd5 8. cxd5 O-O 9. O-O Re8 10. Nd2 a6 11. a4 b6 12. Qc2 Bg4 13. f3 Bc8 14. Nc4 Nh5 15. g4 Bd4+ 16. Kg2 Ng7 17. Bf4 Be5 18.
Bxe5 dxe5 19. a5 b5 20. Nb6 Ra7 21. Rad1 Nd7 22. Na2 Nxb6 23. Qxc5 Rc7 24. Qxb6 Rc2 25. Rf2 Qxb6 26. axb6 Rxb2 27. Bf1 Rxf2+ 28. Kxf2 Bd7 29. Rc1 Rd8 30. Nb4 Rb8 31. Rc7 Rxb6 32. Rxd7 h5 33. g5 a5 34. Nc6 b4 35. Nxa5 b3 36. Rb7 Rxb7 37. Nxb7 b2 38. Bd3 h4 39. d6 1-0

[Event "*** Titled Tuesday Blitz"]
[Site "Chess.com"]
[Date "2019.08.06"]
[Round "2"]
[White "kinga2008"]
[Black "LarissaSteenbekkers"]
[Result "1-0"]
[WhiteElo "1916"]
[BlackElo "1803"]
[TimeControl "180+2"]
[EndTime "13:20:38 PDT"]
[Termination "kinga2008 won by resignation"]

1. e4 e6 2. d4 d5 3. Nc3 Bb4 4. e5 Ne7 5. Qg4 c5 6. a3 Bxc3+ 7. bxc3 Qc7 8. Qxg7 Rg8 9. Qxh7 cxd4 10. Ne2 Nbc6 11. cxd4 Nxd4 12. Kd1 Nxe2 13. Bxe2 Qxe5 14. Rb1 Qd4+ 15.
Ke1 e5 16. Bb2 Qf4 17. g3 Qg5 18. h4 Qg6 19. Qxg6 Nxg6 20. h5 Ne7 21. Bxe5 b6 22. h6 Ng6 23. h7 Rf8 24. h8=Q Nxh8 25. Rxh8 1-0

[Event "*** Titled Tuesday Blitz"]
[Site "Chess.com"]
[Date "2019.08.06"]
[Round "2"]
[White "Morscas"]
[Black "MFguimaraes"]
[Result "0-1"]
[WhiteElo "2168"]
[BlackElo "2266"]
[TimeControl "180+2"]
[EndTime "13:20:43 PDT"]
[Termination "MFguimaraes won by resignation"]

1. e4 e6 2. d4 d5 3. Nd2 f5 4.
exf5 exf5 5. Ngf3 Nf6 6. Bd3 Bd6 7. O-O Ne4 8. Ne5 Bxe5 9. dxe5 O-O 10. c3 Nc6 11. Nf3 f4 12. Re1 Bg4 13. Bc2 Ng5 14. Bb3 Ne7 15. Nxg5 Bxd1 16. Rxd1 Qd7 17. c4 c6 18. cxd5 Nxd5 19. Bc2 h6 20. Nf3 Rae8 21. Bd2 Qe7 22. Bb3 Kh8 23. a3 Rd8 24. Be1 Rd7 25.
Bxd5 Rxd5 26. Bb4 Rxd1+ 27. Rxd1 c5 28. Bc3 Rd8 29. Re1 b5 30. h3 b4 31. axb4 cxb4 32.
Bd4 a5 33. Re4 a4 34. Rxf4 a3 35. bxa3 bxa3 36. Bc3 Qc5 37. Bb4 Qc1+ 0-1

[Event "*** Titled Tuesday Blitz"]
[Site "Chess.com"]
[Date "2019.08.06"]
[Round "2"]
[White "fm24601"]
[Black "fancyknightmaneuvers"]
[Result "1-0"]
[WhiteElo "2689"]
[BlackElo "2564"]
[TimeControl "180+2"]
[EndTime "13:20:44 PDT"]
[Termination "fm24601 won by checkmate"]

1. e4 c5 2. Nf3 Nc6 3. Bb5 e6 4. b3 Qf6 5. c3 Qg6 6. O-O Qxe4 7. Re1 Qg6 8. d4 cxd4 9. cxd4 Nf6 10. d5 Ne7 11. dxe6 fxe6 12. Rxe6 a6 13. Bd3 Qh5 14. Re5 Qf7 15. Ng5 Qh5 16. Nf3 Qf7 17.
Ba3 h6 18. Nc3 Kd8 19. Bc4 Qg6 20. Bc5 Nc6 21. Bb6# 1-0

[Event "*** Titled Tuesday Blitz"]
[Site "Chess.com"]
[Date "2019.08.06"]
[Round "2"]
[White "Rakesh"]
[Black "dmosesov"]
[Result "1/2-1/2"]
[WhiteElo "2438"]
[BlackElo "2561"]
[TimeControl "180+2"]
[EndTime "13:20:44 PDT"]
[Termination "Game drawn by agreement"]

1. e4 c5 2. c3 d5 3. exd5 Qxd5 4.
d4 g6 5. Nf3 Bg7 6. Be3 cxd4 7.
cxd4 Nf6 8. Nc3 Qd8 9. Bc4 O-O 10.
h3 Nc6 11. O-O Bf5 12. Qe2 Rc8 13. Rad1 a6 14. Ne5 Ne4 15. Nxe4 Bxe4 16. Bb3 Bd5 17. Bxd5 Qxd5 18. Nxc6 Rxc6 19. b3 Rfc8 20. Rd2 e6 21. Rfd1 h5 22. Kh1 b5 23. Kg1 Bf8 24. Qd3 Rc1 25.
Rxc1 Rxc1+ 26. Rd1 Rxd1+ 27. Qxd1 Bg7 28. Qc2 Bxd4 29. Bxd4 Qxd4 30. Qc8+ Kg7 31. Qxa6 Qa1+ 1/2-1/2

[Event "*** Titled Tuesday Blitz"]
[Site "Chess.com"]
[Date "2019.08.06"]
[Round "2"]
[White "NMZanette"]
[Black "Poghosyan_Suren"]
[Result "1-0"]
[WhiteElo "2350"]
[BlackElo "2484"]
[TimeControl "180+2"]
[EndTime "13:20:44 PDT"]
[Termination "NMZanette won by resignation"]

1. e4 e6 2. d4 d5 3. exd5 exd5 4. Nf3 Bd6 5. h3 Ne7 6. c4 dxc4 7. Bxc4 O-O 8. O-O Bf5 9. Nc3 Nd7 10. Nh4 Bg6 11. Nxg6 hxg6 12. Ne4 Nb6 13. Nxd6 Qxd6 14. Bb3 Rad8 15.
Be3 Ned5 16. Qf3 c6 17. Bg5 f6 18. Bd2 Kh8 19. Rad1 Rfe8 20. Qg4 f5 21. Qh4+ Kg8 22. Bg5 Rd7 23. Rfe1 Re6 24. f3 a5 25. Rxe6 Qxe6 26. Re1 Qd6 27. Re8+ Kf7 28. Qh8 1-0

[Event "*** Titled Tuesday Blitz"]
[Site "Chess.com"]
[Date "2019.08.06"]
[Round "2"]
[White "NM2019"]
[Black "Saloni1299"]
[Result "0-1"]
[WhiteElo "2089"]
[BlackElo "2006"]
[TimeControl "180+2"]
[EndTime "13:20:45 PDT"]
[Termination "Saloni1299 won by resignation"]

1. c4 Nf6 2. Nf3 c5 3. Nc3 d5 4. cxd5 Nxd5 5. e4 Nxc3 6. bxc3 g6 7. d4 Bg7 8. Bb5+ Nc6 9. O-O cxd4 10. cxd4 O-O 11. Bxc6 bxc6 12. h3 c5 13. Be3 cxd4 14. Bxd4 Bb7 15. Re1 Bxd4 16. Qxd4 Qxd4 17. Nxd4 Rfd8 18.
Rab1 Rab8 19. Nb5 a6 20. Nc3 Rdc8 21. Nd5 Bxd5 22. Rxb8 Rxb8 23. exd5 Rd8 24. Rd1 Kg7 25.
f3 Kf6 26. f4 e6 27. d6 e5 28. fxe5+ Kxe5 29. d7 Ke6 30. Rb1 Rxd7 31. Rb6+ Rd6 32. Rb7 h5 33. Kf2 Rd2+ 34. Kf3 Rxa2 35. g4 hxg4+ 36.
hxg4 g5 37. Ke4 Ra4+ 38. Kf3 f6 39. Rb6+ Ke5 40. Rb8 Ra3+ 41. Ke2 Kf4 42. Rb4+ Kg3 43. Rb6 Kxg4 44. Rxf6 a5 45. Rb6 Kg3 46. Kd2 g4 47. Ke2 a4 48. Rb2 Rb3 49. Rd2 a3 50. Kf1 Rb1+ 51.
Ke2 Rb2 0-1

[Event "*** Titled Tuesday Blitz"]
[Site "Chess.com"]
[Date "2019.08.06"]
[Round "2"]
[White "GianmarcoVaR"]
[Black "Agent-JL"]
[Result "1-0"]
[WhiteElo "2552"]
[BlackElo "2352"]
[TimeControl "180+2"]
[EndTime "13:20:46 PDT"]
[Termination "GianmarcoVaR won by resignation"]

1. d4 Nf6 2. Nf3 e6 3. c4 Bb4+ 4. Nbd2 d5 5. a3 Bxd2+ 6. Qxd2 Ne4 7. Qc2 O-O 8. e3 b6 9. Bd3 Bb7 10. O-O Nd7 11. cxd5 exd5 12. b4 Rc8 13. a4 c5 14.
bxc5 bxc5 15. dxc5 Ndxc5 16. Ba3 Nxd3 17. Qxd3 Rc3 18.
Qd4 Rc4 19. Qxa7 Re8 20. Qxb7 Rxa4 21. Bb2 Nc5 22. Qb5 Rxa1 23. Rxa1 Ne6 24. Be5 f6 25. Bd4 Qd6 26. Qxe8+ 1-0

[Event "*** Titled Tuesday Blitz"]
[Site "Chess.com"]
[Date "2019.08.06"]
[Round "2"]
[White "Zhuu96"]
[Black "NTBT_DHS"]
[Result "1-0"]
[WhiteElo "2938"]
[BlackElo "2662"]
[TimeControl "180+2"]
[EndTime "13:20:50 PDT"]
[Termination "Zhuu96 won by resignation"]

1. d4 Nf6 2. c4 g6 3. Nc3 Bg7 4.
e4 O-O 5. Nf3 d6 6. Be2 e5 7. d5 a5 8. O-O Na6 9. Nd2 Nc5 10. Re1 Bd7 11. b3 c6 12. a3 cxd5 13. cxd5 Qb8 14. a4 Rc8 15. Ba3 Nxa4 16. Nxa4 b5 17. Rb1 bxa4 18. bxa4 Qc7 19. Bb5 Bxb5 20.
axb5 Nd7 21. Rc1 Qb7 22. Qe2 Bf8 23. Rc6 Rcb8 24. Rb1 Nb6 25. h4 Na4 26. Qc4 Nb6 27.
Qc2 Rc8 28. Rb3 Rd8 29. Rc7 Rac8 30. Rbc3 Qb8 31. R7c6 Be7 32. g3 h5 33. Nb3 Rxc6 34.
bxc6 Na4 35. c7 Qb6 36. cxd8=Q+ Bxd8 37. Rc6 Qb5 38. Rc8 Qd7 39. Qc6 1-0